 Dungeon Crawl Stone Soup version 0.32-a0-306-gfed3edf829 (console) character file.

Game seed: 7764354862831016292

743 petzl the Sneak (level 8, -2/61 HPs)
             Began as a Formicid Delver on Feb 14, 2024.
             Was an Initiate of Vehumet.
             Shot with an arrow by a centaur (12 damage)
             ... on level 6 of the Dungeon.
             The game lasted 00:18:20 (4324 turns).

petzl the Sneak (Formicid Delver)                   Turns: 4324, Time: 00:18:21

Health: -2/61      AC:  3    Str: 16    XL:     8   Next: 5%
Magic:  14/14      EV: 12    Int: 13    God:    Vehumet [......]
Gold:   326        SH:  5    Dex: 15    Spells: 15/16 levels left

rFire   . . .        a - +2 flail (drain)
rCold   . . .        (no shield)
rNeg    . . .        i - +0 leather armour
rPois   .            (helmet unavailable)
rElec   .            (no cloak)
rCorr   .            (no gloves)
SInv    +            (no boots)
Will    +....        e - amulet of reflection
Stlth   +++          p - ring of willpower
HPRegen 0.30/turn    w - +4 ring of slaying
MPRegen 0.14/turn

%: reflection
@: no status effects
A: permanent stasis, dig shafts and tunnels, antennae 3, four strong arms
a: Dig, Shaft Self, Renounce Religion


You were on level 6 of the Dungeon.
You worshipped Vehumet.
Vehumet was noncommittal.
You visited 2 branches of the dungeon, and saw 8 of its levels.
You also visited: Sewer.

You collected 326 gold pieces.

Inventory:

Hand Weapons
 a - a +2 flail of draining (weapon)
 b - a +0 shortbow
 r - a +0 lajatang
 z - a +2 hand axe of flaming {!f =f}
 A - a +1 mace of holy wrath
Missiles
 t - a throwing net (quivered)
 y - 2 poisoned darts
 B - 5 javelins
Armour
 i - a +0 leather armour (worn)
 j - an orb of mayhem
Jewellery
 e - an amulet of reflection (around neck)
 p - a ring of willpower (left hand)
 w - a +4 ring of slaying (right hand)
Wands
 f - a wand of digging (3)
 g - a wand of flame (16)
 h - a wand of polymorph (6)
Scrolls
 c - a scroll of fog
 d - 3 scrolls of revelation
 k - a scroll of enchant weapon
 s - a scroll of amnesia
 v - a scroll of poison
 x - a scroll of blinking {unknown}
 D - a scroll of vulnerability
 E - a scroll of butterflies {unknown}
Potions
 l - a potion of heal wounds {unknown}
 m - a potion of might {unknown}
 n - 2 potions of enlightenment {unknown}
 o - 3 potions of curing
 q - a potion of degeneration {unknown}
 u - a potion of mutation {unknown}
 C - a potion of invisibility {unknown}


   Skills:
 + Level 4.7 Fighting
 - Level 3.0 Maces & Flails
 * Level 2.7 Ranged Weapons
 - Level 3.0 Armour
 + Level 3.2 Dodging
 - Level 6.0 Stealth
 * Level 4.5 Spellcasting
 * Level 1.0 Conjurations
 + Level 0.6 Evocations


You had 15 spell levels left.
You knew the following spells:

 Your Spells              Type           Power      Damage    Failure   Level
a - Magic Dart            Conj           20%        1d4       16%         1

Your spell library contained the following spells:

 Spells                   Type           Power      Damage    Failure   Level
 Shock                    Conj/Air       16%        1d4       19%         1
 Necrotise                Necr           8%         1d4       24%         1
 Slow                     Hex            8%         N/A       24%         1
 Searing Ray              Conj           10%        2d4       24%         2
 Confusing Touch          Hex            2%         N/A       56%         3
 Sigil of Binding         Hex            2%         N/A       56%         3
 Vampiric Draining        Necr           2%         2d6       56%         3
 Fulminant Prism          Conj/Alch      2%         3d5       88%         4
 Airstrike                Air            1%         2d(1-17)  93%         4
 Martyr's Knell           Necr/Summ      2%         N/A       93%         4
 Arcjolt                  Conj/Air       2%         1d12      99%         5
 Curse of Agony           Necr           2%         N/A       100%        5
 Maxwell's Capacitive Co  Air            1%         ∞         100%        8
 Swiftness                Air            Unusable   N/A       N/A         3
 Vhi's Electric Charge    Tloc/Air       Unusable   N/A       N/A         4

Dungeon Overview and Level Annotations

Branches:
Dungeon (7/15)             Temple (1/1) D:4           Sewer (visited)

Altars:
Ashenzari
Cheibriados
Elyvilon
Fedhas
Gozag
Kikubaaqudgha
Makhleb
Nemelex Xobeh
Okawaru
Qazlal
Uskayaw
Vehumet
Wu Jian
Yredelemnul

Shops:
D:2 *   D:5 *

Annotations:
D:5 Dowan, Duvessa, Menkaure


Innate Abilities, Weirdness & Mutations

You cannot be hasted, slowed, berserked, paralysed or teleported.
You can dig through walls and to a lower floor.
You have a pair of large antennae on your head. (SInv)
Your four strong arms can wield two-handed weapons with a shield.


Message History

A hound comes into view.
Found a lumpy pink potion.
Found a small filigree amulet.
b - a +0 shortbow (weapon)
You shoot an arrow. The arrow hits the hound!
The hound barks!
The hound is severely wounded.
You shoot an arrow. The arrow hits the hound.
The hound is almost dead.
A centaur comes into view.
You shoot an arrow. The arrow closely misses the hound.
The centaur shouts!
The centaur wields a +0 orcbow.
The centaur shoots an arrow.
The arrow hits you!
The centaur shoots an arrow.
The arrow hits you!
You hear a distant slurping noise.
You shoot an arrow. The arrow barely misses the hound.
The hound bites you.
The centaur shoots an arrow.
You block the arrow with an invisible shield... and reflect it back!
The arrow barely misses the centaur.
The hound barely misses you.
The centaur shoots an arrow.
The arrow hits you. The hound barely misses you.
The centaur shoots an arrow.
The arrow hits you.
The hound stops to sniff the ground.
The hound barely misses you.
The centaur shoots an arrow.
The arrow hits you! The hound attacks as it pursues you!
You block the hound's attack. The hound bites you.
You sense an unholy aura.
a - a +2 flail of draining (weapon)
The hound bites you but does no damage.
You sock the hound!
You kill the hound!
Vehumet accepts your kill.
The centaur shoots an arrow.
You block the arrow with an invisible shield... and reflect it back!
The arrow hits the centaur.
Your Conjurations skill increases to level 1!
The centaur shoots an arrow.
The arrow misses you.
The centaur shoots an arrow.
The arrow hits you!
* * * LOW HITPOINT WARNING * * *
The centaur shoots an arrow.
The arrow hits you!
You die...

...#### #.....#
#.....# #.....#
###################
#....#
##..#..#....##.....#
##....+
#..................#
{ +.....#
#................).#
#...>#
#..c..@............#
#....#
##...###...#########
#..... #.....# #####
#..... .....!.#
+..... ......."# { {
#....# ........# {
###+## ........#
....... ... {... .
..... ..... ....
..... #+ #..# #...
###.##..####...
...........#...
...........#...
..........<#...
........(..#...
..........##...
#......<..##...
#........<.J...


You could see a centaur.

Vanquished Creatures
  An ogre (D:4)
  A centaur (D:5)
  2 brain worms (Sewer)
  An orc priest (D:3)
  A bombardier beetle (D:4)
  A hound (D:6)
  A jelly (D:4)
  An iguana (D:4)
  An orc wizard (D:3)
  Ijyb (D:5)
  4 adders
  5 gnolls
  A white imp (D:5)
  A dart slug (D:4)
  7 orcs
  11 bats
  5 endoplasms
  6 giant cockroaches
  8 goblins
  3 hobgoblins
  9 quokkas
  6 ball pythons
  6 frilled lizards
  5 kobolds
  10 rats
98 creatures vanquished.

Notes
Turn   | Place    | Note
-------+----------+-------------------------------------------
     0 | D:5      | petzl the Formicid Delver began the quest for the Orb.
     0 | D:5      | Reached XP level 1. HP: 18/18 MP: 1/1
    10 | D:5      | Noticed a centaur
    66 | D:5      | Noticed a scorpion
   211 | D:5      | Noticed Menkaure
   211 | D:5      | Noticed an ogre
   228 | D:5      | Noticed Ijyb
   243 | D:5      | Killed Ijyb
   244 | D:5      | Reached XP level 2. HP: 24/24 MP: 1/5
   244 | D:5      | Reached XP level 3. HP: 29/29 MP: 1/6
   263 | D:5      | Noticed a phantom
   291 | D:5      | Found Qomoz's Gadget Gallery.
   294 | D:5      | Noticed Dowan
   296 | D:5      | Noticed Duvessa
   401 | D:5      | Found a glowing drain.
   430 | Sewer    | Entered a sewer
   465 | Sewer    | Noticed a brain worm
   492 | Sewer    | Noticed Pargi
   505 | Sewer    | Killed a brain worm
   506 | Sewer    | Reached skill level 1 in Armour
   506 | Sewer    | Reached XP level 4. HP: 28/36 MP: 7/9
   506 | Sewer    | Reached XP level 5. HP: 32/41 MP: 7/10
   540 | Sewer    | Pargi changed into Pargi the brain worm
   540 | Sewer    | Noticed Pargi
   556 | Sewer    | Killed Pargi the brain worm
   661 | D:5      | Killed a centaur
   662 | D:5      | Reached XP level 6. HP: 41/48 MP: 11/11
  1272 | D:1      | Reached skill level 1 in Ranged Weapons
  1789 | D:2      | Reached XP level 7. HP: 54/54 MP: 12/12
  1851 | D:2      | Found Posooh's General Store.
  2267 | D:2      | Found a faded altar of an unknown god.
  3420 | D:4      | Learned a level 1 spell: Magic Dart
  3464 | D:4      | Identified the +0 sling of Departure {antimagic, Stlth+}
  3535 | D:4      | Found a staircase to the Ecumenical Temple.
  3543 | Temple   | Entered the Ecumenical Temple
  3556 | Temple   | Became a worshipper of Vehumet
  3573 | D:4      | Identified the staff "Moshekae" {rN+ SInv Stlth- Necro
                  | Fire}
  3811 | D:5      | Reached XP level 8. HP: 41/61 MP: 14/14
  3904 | D:5      | You fall into a shaft and drop 2 floors!
  4323 | D:6      | Reached skill level 1 in Conjurations
  4324 | D:6      | Shot with an arrow by a centaur

Illustrated notes

Levels and vault maps discovered:
D:1:      lightli_arrival_boilingwater, layout_basic, minmay_fountain_box
D:2:      layout_basic, nicolae_ecumenical_lake_church, serial_shops, shop,
          grunt_decor_clamped, corexii_leaking_fountain, kennysheep_potato
D:3:      layout_loops_cross, chequers_serial_rivers_room_b,
          serial_bayou_pond_c, minmay_diced_spiral
D:4:      layout_rooms, minmay_temple_entry_gardened_gates, kennysheep_boxes
D:5:      layout_basic, portal_sewer_entry_f, nicolae_shop_gadgets, uniq_ijyb,
          uniq_menkaure, uniq_duvessa
D:6:      black_bear_nest_2, layout_gridville, uniq_edmund
D:7:      layout_loops_cross
Temple:   dpeg_chambers_temple

Skill      XL: |  1  2  3  4  5  6  7  8 |
---------------+-------------------------+-----
Spellcasting   | 2 3 4 |  4.5
Armour         | 1 2 3 |  3.0
Dodging        | 2 3 |  3.2
Fighting       | 4 |  4.7
Maces & Flails | 3 |  3.0
Ranged Weapons | 1 2 |  2.7
Conjurations   | 1 |  1.0
Stealth        | |  6.0
Evocations     | |  0.6

Action                     |  1- 3 |  4- 6 |  7- 9 || total
---------------------------+-------+-------+-------++-------
  Melee: Mace              |     9 |       |       ||     9
         Flail             |    35 |    72 |    51 ||   158
   Fire: Shortbow          |       |    24 |    67 ||    91
  Throw: Throwing net      |       |       |     1 ||     1
Ability: Dig               |     1 |       |       ||     1
         Shaft Self        |       |       |     1 ||     1
  Evoke: Wand              |       |     1 |       ||     1
    Use: Scroll            |     4 |     2 |     3 ||     9
         Potion            |       |       |     2 ||     2
   Stab: Distracted        |       |     1 |       ||     1
         Sleeping          |       |    10 |     3 ||    13
 Armour: Skin              |    11 |       |       ||    11
         Leather armour    |    48 |    41 |    36 ||   125
  Dodge: Dodged            |    40 |    43 |    39 ||   122
  Block: Other             |       |       |     5 ||     5
         Reflection        |       |       |     2 ||     2

Table legend: (Time is in decaauts)
 A = Elapsed time spent in this place.
 B = Non-inter-level travel time spent in this place.
 C = Inter-level travel time spent in this place.
 D = Time resting spent in this place.
 E = Time spent auto-exploring this place.
 F = Levels seen in this place.
 G = Mean time per level.
                   A        B        C        D        E       F      G
               +--------+--------+--------+--------+--------+-----+--------+
         Total |   4403 |   4079 |    324 |    669 |   2039 |   9 |  489.2 |
       Dungeon |   4164 |   3865 |    299 |    605 |   2039 |   7 |  594.9 |
        Temple |     26 |      1 |     25 |      0 |      0 |   1 |   26.0 |
         Sewer |    213 |    213 |      0 |     64 |      0 |   1 |  213.0 |
               +--------+--------+--------+--------+--------+-----+--------+

Top non-repeatable levels by time:
     D:2: 927 daAuts
     D:3: 830 daAuts
     D:1: 704 daAuts
     D:5: 648 daAuts
     D:4: 559 daAuts
     D:6: 323 daAuts
   Sewer: 213 daAuts
     D:7: 170 daAuts
  Temple: 26 daAuts
